Map: 国王藏宝地-天梯版

Players

MaNa - Winner!

  • Race: Protoss Protoss
  • League: Master

Lambo

  • Race: Zerg Zerg
  • League: Gold

Event: WESG 2018 Grand Finals

VOD

Have the link to the VOD?

Description

Time

  • Played on: March 11, 2019, 6:06 a.m.
  • Length: 9:37

All games in this series

Show
View Real Time Build Order
Export as new Build Order

MaNa Protoss - Winner!

Build Orders: 1 Gate Expand, Archon Immortal, Archon Drop, Dark Templar Rush 

Get SALT Encoding   

  12  0:00  Probe  
  13  0:13  Pylon  
  13  0:18  Probe  
  14  0:27  Probe  
  15  0:36  Probe  
  15  0:37  Gateway  
  16  0:46  Probe  
  17  0:50  Assimilator  
  17  0:57  Probe  
  18  1:05  Probe  
  19  1:13  Probe  
  20  1:31  Nexus  
  20  1:38  Cybernetics Core  
  20  1:42  Probe  
  21  1:48  Assimilator  
  22  1:54  Probe  
  22  1:58  Pylon  
  22  2:06  Adept, Probe  
  23  2:18  Probe  
  23  2:20  Warp Gate  
  26  2:30  Probe, Robotics Facility  
  26  2:36  Stalker  
  29  2:42  Probe x2  
  31  2:55  Twilight Council, Probe  
  32  2:59  Probe  
  33  3:06  Adept  
  33  3:07  Probe  
  33  3:09  Warp Prism  
  33  3:11  Probe  
  39  3:27  Gateway  
  39  3:29  Probe  
  39  3:32  Probe  
  41  3:39  Dark Shrine  
  41  3:41  Probe  
  41  3:44  Probe  
  43  3:56  Gateway  
  43  3:58  Gateway  
  43  3:59  Probe  
  44  4:05  Pylon  
  44  4:09  Assimilator  
  44  4:11  Probe, Assimilator  
  44  4:13  Probe  
  46  4:17  Pylon  
  46  4:23  Probe  
  47  4:25  Probe  
  48  4:35  Probe  
  48  4:37  Probe  
  46  4:47  Probe  
  46  4:49  Probe  
  46  4:51  Dark Templar x3  
  46  4:52  Dark Templar  
  56  4:56  Pylon  
  56  5:06  Probe x2  
  58  5:07  Pylon  
  58  5:30  Dark Templar x3  
  58  5:31  Dark Templar  
  58  5:32  Archon  
  58  5:34  Archon x2  
  64  5:37  Probe  
  64  5:39  Nexus  
  64  5:41  Immortal  
  69  5:47  Pylon, Probe  
  70  5:54  Probe  
  71  6:06  Stalker x3  
  71  6:07  Stalker  
  79  6:16  Probe x2  
  81  6:26  Immortal  
  77  6:37  Zealot x3, Charge  
  83  6:41  Probe x2  
  85  6:50  Pylon  
  85  6:52  Pylon  
  85  6:53  Probe  
  86  6:57  Immortal  
  86  7:01  Sentry x3  
  86  7:02  Zealot  
  86  7:04  Probe  
  86  7:07  Shield Battery  
  86  7:08  Shield Battery  
  99  7:13  Probe  
  99  7:14  Probe  
  101  7:19  Probe  
  102  7:26  Probe  
  102  7:27  Zealot x4  
  102  7:28  Probe, Immortal  
  110  7:32  Probe  
  111  7:50  Gateway x2  
  111  7:52  Gateway  
  111  7:53  Gateway  
  111  7:58  Dark Templar  
  111  7:59  Dark Templar  
  111  8:00  Zealot  
  111  8:03  Pylon  
  117  8:16  Pylon  
  117  8:17  Forge  
  117  8:32  Zealot x4  
  119  8:40  Immortal  
  103  8:48  Zealot x3  
  103  8:49  Zealot  
  103  8:52  Zealot x3  
  103  8:53  Zealot  
  103  9:16  Zealot x6  
  103  9:17  Zealot x2  
Show
View Real Time Build Order
Export as new Build Order

Lambo Zerg 

Build Orders: Hatch First 

Get SALT Encoding   

  12  0:01  Drone  
  13  0:12  Overlord  
  13  0:18  Drone  
  14  0:31  Drone x2  
  16  0:49  Hatchery  
  15  0:52  Drone  
  15  0:56  Drone  
  17  1:00  Drone  
  18  1:09  Extractor  
  17  1:15  Spawning Pool  
  16  1:19  Drone  
  16  1:22  Drone  
  18  1:29  Drone  
  19  1:39  Drone  
  20  1:51  Overlord  
  20  2:02  Queen x2  
  20  2:03  Zergling x4  
  26  2:13  Drone x2  
  28  2:15  Metabolic Boost  
  28  2:24  Drone x2  
  30  2:41  Hatchery  
  30  2:42  Drone  
  30  2:46  Drone x2  
  32  2:51  Overlord  
  32  3:01  Drone x2  
  32  3:03  Queen  
  35  3:11  Drone x2  
  35  3:12  Drone  
  38  3:14  Drone  
  38  3:15  Overlord  
  38  3:19  Drone  
  40  3:20  Drone  
  40  3:24  Drone  
  42  3:28  Drone  
  43  3:39  Roach Warren, Drone x2  
  44  3:43  Drone  
  44  3:45  Extractor x2  
  44  3:47  Zergling x4  
  45  3:49  Drone  
  45  3:53  Drone x3  
  49  4:00  Queen  
  52  4:04  Overlord  
  52  4:05  Overlord  
  52  4:16  Overlord  
  52  4:25  Zergling x4  
  52  4:26  Drone x8  
  62  4:31  Lair  
  62  4:34  Drone  
  62  4:40  Drone x2  
  62  4:43  Drone  
  63  4:46  Drone x3  
  63  4:49  Drone x2  
  63  4:51  Extractor  
  63  4:52  Drone, Extractor  
  68  4:58  Queen  
  69  5:01  Drone x3  
  69  5:04  Roach  
  69  5:06  Spore Crawler  
  73  5:08  Spore Crawler  
  73  5:10  Roach  
  74  5:15  Overlord  
  71  5:24  Overlord  
  68  5:33  Overlord  
  68  5:35  Overseer  
  68  5:38  Overlord  
  68  5:39  Roach x4  
  76  5:46  Evolution Chamber  
  76  5:47  Roach x2  
  79  5:50  Hatchery  
  79  5:51  Roach  
  79  5:53  Roach  
  78  6:01  Roach  
  78  6:04  Roach  
  78  6:05  Roach x4  
  78  6:08  Roach x2  
  84  6:13  Roach  
  84  6:17  Roach  
  80  6:25  Roach  
  76  6:28  Roach  
  74  6:35  Roach x3  
  74  6:37  Queen  
  82  6:40  Zerg Missile Weapons Level 1  
  82  6:41  Hydralisk Den, Glial Reconstitution  
  81  6:47  Ravager  
  81  6:49  Hatchery  
  81  6:51  Drone x3  
  81  6:53  Overlord  
  81  6:55  Overlord  
  81  6:57  Overlord, Roach  
  81  7:00  Overlord  
  83  7:09  Overlord  
  83  7:16  Roach  
  83  7:17  Roach x2  
  83  7:21  Roach x3  
  95  7:23  Overseer  
  95  7:28  Roach  
  95  7:30  Grooved Spines  
  95  7:32  Roach  
  95  7:42  Hydralisk x2  
  99  7:47  Hydralisk x4  
  99  7:49  Hatchery  
  106  7:53  Queen  
  106  7:56  Hydralisk  
  110  8:07  Hydralisk x3  
  116  8:13  Zergling x2  
  116  8:17  Drone x2  
  116  8:18  Drone x2  
  116  8:19  Drone  
  122  8:22  Hydralisk  
  122  8:36  Hydralisk  
  122  8:39  Hydralisk x2  
  105  8:45  Hydralisk x4  
  102  8:54  Roach x3  
  106  8:58  Roach  
  106  9:01  Roach  
  102  9:09  Hydralisk  
Tags
 
Add a new tag
Caveats
  • Supply blocks, unpowered buildings, or Contaminate may cause inaccurate times.
  • Supply counts are checked every 10 seconds.